 Dungeon Crawl Stone Soup version 0.29.0-11-gd7f09526c8 (webtiles) character file.

Game seed: 10775489991618637601

19 smilodon the Trooper (level 2, -1/24 HPs)
             Began as a Demonspawn Fighter on Sept 6, 2022.
             Killed from afar by a white imp (3 damage)
             ... with a puff of frost
             ... summoned by Natasha
             ... on level 2 of the Dungeon.
             The game lasted 00:01:03 (1063 turns).

smilodon the Trooper (Demonspawn Fighter)           Turns: 1063, Time: 00:01:04

Health: -1/24      AC:  6    Str: 16    XL:     2   Next: 55%
Magic:  2/2        EV:  8    Int:  9    God:
Gold:   23         SH:  8    Dex: 12    Spells: 1/1 levels left

rFire   . . .      SeeInvis .   a - +0 war axe
rCold   . . .      Faith    .   c - +0 buckler
rNeg    . . .      Spirit   .   b - +0 scale mail
rPois   .          Reflect  .   (no helmet)
rElec   .          Harm     .   (no cloak)
rCorr   .          Rampage  .   (no gloves)
Will    .....                   (no boots)
Stlth   ..........              (no amulet)
HPRegen 0.08/turn               (no ring)
MPRegen 0.08/turn               (no ring)

@: mighty
A: large bone plates 1
a: no special abilities


You were on level 2 of the Dungeon.
You visited 1 branch of the dungeon, and saw 2 of its levels.

You collected 23 gold pieces.

Inventory:

Hand Weapons
 a - a +0 war axe (weapon)
Missiles
 f - 3 silver javelins (quivered)
Armour
 b - a +0 scale mail (worn)
 c - a +0 buckler (worn)
Scrolls
 e - a scroll of enchant weapon {unknown}
 g - a scroll of amnesia


   Skills:
 + Level 3.2 Fighting
 + Level 2.0 Axes
 + Level 2.9 Armour
 + Level 0.1 Stealth
 + Level 3.0 Shields


You had one spell level left.
You didn't know any spells.
Your spell library contained the following spells:

 Spells                   Type           Power      Damage    Failure   Level
 Sting                    Tmut/Pois      0%         1d3       88%         1
 Ensorcelled Hibernation  Hex/Ice        0%         N/A       96%         2
 Passwall                 Tmut/Erth      0%         N/A       96%         2
 Poisonous Vapours        Pois/Air       0%         N/A       96%         2
 Swiftness                Air            0%         N/A       99%         3
 Olgreb's Toxic Radiance  Pois           0%         N/A       100%        4


Dungeon Overview and Level Annotations

Branches:
Dungeon (2/15)

Altars:

Annotations:
D:2 Natasha


Innate Abilities, Weirdness & Mutations

You are partially covered in large bone plates. (SH +4)


Message History

You kill the endoplasm!
The kobold throws a stone.
You block the stone.
Natasha mumbles some strange words.
Your Axes skill increases to level 2!
The white imp gestures at you. The puff of frost hits you.
The kobold hits you but does no damage.
The crimson imp blinks!
The white imp shouts, "Slither home, thou ducking weevil-witted serf!"
You slash the white imp!
The white imp is severely wounded.
You hit the kobold.
You kill the kobold!
Natasha mumbles some strange words.
You feel disoriented. Natasha closely misses you.
The white imp barely misses you.
You barely miss the white imp.
The white imp is severely wounded.
You hit Natasha. You block Natasha's attack. You block the white imp's attack.
The crimson imp hits you but does no damage.
You hit the white imp but do no damage.
The white imp is heavily wounded.
You hit Natasha. You hit the crimson imp. You block Natasha's attack.
You block the white imp's attack. You block the crimson imp's attack.
Natasha stares at you and mumbles some strange words.
The magic dart hits you.
The white imp hits you but does no damage.
You hit Natasha.
Natasha is almost dead.
You hit the white imp but do no damage. You closely miss the crimson imp.
You barely miss the white imp. The crimson imp closely misses you.
Natasha closely misses you. The white imp gestures at you.
The puff of frost hits you!
* * * LOW HITPOINT WARNING * * *
The white imp closely misses you. You block the crimson imp's attack.
You feel very mighty all of a sudden. Natasha closely misses you.
The white imp gestures at you. The puff of frost hits you.
You die...

########### #.........#
#.........# ..........#
..........######## .
..........#...##.. ...#
#.....h55.#...##.##.#.#
#^....)@..#...##.##.#.#
#......5......##.##.#.#
#.............##.#..#.#
...............†.....>##
########...#####........
#...# ###.##.## #...#
#...... ##### #####'##
#.......


You could see Natasha, a crimson imp (summoned) and 2 white imps.

Vanquished Creatures
  2 ball pythons
  A bat (D:2)
  5 endoplasms
  A giant cockroach (D:1)
  3 hobgoblins
  A frilled lizard (D:1)
  2 kobolds (D:2)
  2 rats (D:1)
17 creatures vanquished.

Notes
Turn   | Place    | Note
-------+----------+-------------------------------------------
     0 | D:1      | smilodon the Demonspawn Fighter began the quest for the
                  | Orb.
     0 | D:1      | Reached XP level 1. HP: 18/18 MP: 1/1
    94 | D:1      | Found a faded altar of an unknown god.
   396 | D:1      | Gained mutation: You are partially covered in large bone
                  | plates. (SH +4) [demonic ancestry]
   396 | D:1      | Reached XP level 2. HP: 24/24 MP: 2/2
  1052 | D:2      | Noticed Natasha
  1057 | D:2      | Noticed a crimson imp
  1063 | D:2      | Killed from afar by a white imp

Illustrated notes

Levels and vault maps discovered:
D:1:      onia_arrival_pyramid, layout_basic,
          hellmonk_ecumenical_altar_defaced_shrine, hangedman_decor_opposing,
          dreamdust_wishing_well, nicolae_figureground_sparkle
D:2:      layout_basic, uniq_natasha, uniq_crazy_yiuf_cottage

Skill      XL: |  1  2 |
---------------+-------+-----
Shields        | 3 |  3.0
Axes           | 2 |  2.0
Fighting       | |  3.2
Armour         | |  2.9
Stealth        | |  0.1

Action                   || total
-------------------------++-------
Melee: War axe           ||    42
  Use: Scroll            ||     1
       Potion            ||     1
Armor: Scale mail        ||    16
Dodge: Dodged            ||    27
Block: Buckler           ||    23
